Avalanche vs Rangers (R1)

Created - April 26, 2020 at 19:06

Goals
1 2 3 T
Avalanche 0 0 2 2
Rangers 4 0 1 5
Shots
1 2 3 T
Avalanche 6 10 16 32
Rangers 10 5 17 32

1st period

1. Rangers , Matt Read 13 (Chris Bourque 14, Artem Anisimov 3) at 6:51
2. Rangers , Kyle Okposo 27 (James Neal 25) at 10:30
3. Rangers , Colten Teubert 2 (Steve Quailer 6, Magnus Paajarvi-Svensson 8) at 16:47
4. Rangers , Kyle Okposo 28 (Maxime Sauvé 13) at 18:37

Penalties :
Darren Reid (Col) for Hooking (Minor) at 3:07, Chris Bourque (NYR) for Holding (Minor) at 14:06

2nd period

No Goal

Penalties :
Chris Bourque (NYR) for Hooking (Minor) at 9:10, Mattias Ekholm (Col) for Hooking (Minor) at 13:18, Milan Lucic (NYR) for High sticking (Minor) at 18:39

3rd period

5. Avalanche , Erik Karlsson 7 (Evgeny Dadonov 28, Mike Brodeur) at 0:30 (PP)
6. Avalanche , Mikkel Boedker 34 (Erik Karlsson 30, Evgeny Dadonov 29) at 12:22
7. Rangers , Matt Greene 5 (James Neal 26, Frederik Andersen) at 16:36

Penalties :
James Van Riemsdyk (Col) for Cross-checking (Minor) at 1:15

Goalie Stats

Semyon Varlamov (Col), 6 saves from 10 shots - (0.600), L, 34-26-3, 18:37 minutes
Mike Brodeur (Col), 21 saves from 22 shots - (0.955), 41:23 minutes
Frederik Andersen (NYR), 30 saves from 32 shots - (0.938), W, 35-20-7, 60:00 minutes

Players Stats for Avalanche

Player Name              G  A  P  +/- PIM S  H  SB GA TA FO     MP     PP MP  PK MP  
------------------------------------------------------------------------------------
Andrew Ladd              0  0  0  -3  0   1  1  1  3  0  0/2    12:24   0:00   3:09 
Brad Richardson          0  0  0  -3  0   2  1  1  0  0  0/0     9:08   0:00   0:00 
Bryan Little             0  0  0   1  0   7  3  0  1  0  14/27  20:28   2:52   0:02 
Charlie Coyle            0  0  0  -3  0   1  0  0  0  0  6/11   12:28   0:00   3:14 
Danny Richmond           0  0  0  -1  0   0  0  2  2  0  0/0    19:08   2:29   3:01 
Darren Reid              0  0  0   0  2   2  2  0  0  0  0/0     8:17   0:00   1:01 
Dmitry Kulikov           0  0  0  -2  0   1  2  3  0  0  0/0    20:01   0:00   3:01 
Erik Karlsson            1  1  2  -1  0   4  0  3  1  1  0/0    20:45   3:20   0:00 
Evgeny Dadonov           0  2  2   1  0   1  1  0  0  0  0/0    20:37   2:57   0:00 
Jack Johnson             0  0  0  -1  0   2  2  0  1  0  0/0    23:43   3:20   2:56 
James Van Riemsdyk       0  0  0  -2  2   1  2  0  1  0  0/0    18:16   2:57   1:27 
Kyle Turris              0  0  0   0  0   1  3  0  0  0  1/4     9:30   0:00   2:14 
Marc Staal               0  0  0  -1  0   0  0  1  1  0  0/0    22:25   2:29   2:56 
Matt Moulson             0  0  0   0  0   2  1  1  0  0  0/0     8:23   0:00   0:47 
Mattias Ekholm           0  0  0  -2  2   0  0  1  0  0  0/0    14:00   0:00   0:00 
Mikkel Boedker           1  0  1   1  0   4  2  0  1  0  2/3    20:25   2:52   0:00 
Patric Hornqvist         0  0  0  -2  0   3  0  0  1  0  1/1    16:55   2:52   0:00 
Paul Stastny             0  0  0  -2  0   0  3  0  0  0  7/16   17:07   2:57   0:00 

Players Stats for Rangers

Player Name              G  A  P  +/- PIM S  H  SB GA TA FO     MP     PP MP  PK MP  
------------------------------------------------------------------------------------
Artem Anisimov           0  1  1   1  0   1  0  1  0  0  7/9    12:52   2:31   0:00 
Cam Barker               0  0  0  -1  0   3  0  2  0  1  0/0    27:24   2:31   3:47 
Chris Bourque            0  1  1   1  4   0  1  0  0  0  0/0    13:18   2:43   0:19 
Colten Teubert           1  0  1   2  0   1  1  2  0  1  0/0    11:40   0:00   0:00 
Jakob Silfverberg        0  0  0   0  0   3  2  0  0  1  1/4    21:04   2:43   1:10 
James Neal               0  2  2   1  0   7  3  0  0  1  0/1    17:31   3:26   1:10 
Kyle Okposo              2  0  2   1  0   2  3  2  0  0  3/4    19:37   3:06   4:02 
Luke Schenn              0  0  0  -1  0   0  1  1  0  1  0/0    28:08   3:26   3:47 
Magnus Paajarvi-Svensson 0  1  1   2  0   2  2  0  0  0  0/1     8:39   0:03   0:18 
Mark Fistric             0  0  0   3  0   0  0  0  0  1  0/0    17:03   0:00   2:02 
Matt Greene              1  0  1   3  0   2  1  2  1  0  0/0    17:03   0:00   2:02 
Matt Read                1  0  1   1  0   1  1  0  0  1  0/1    10:24   0:08   0:00 
Maxime Sauvé             0  1  1   1  0   1  1  0  0  1  9/16   15:08   2:43   0:00 
Milan Lucic              0  0  0   0  2   5  1  1  0  1  2/3    23:01   3:11   2:30 
Patrik Nemeth            0  0  0   2  0   1  0  0  0  1  0/0    11:40   0:00   0:00 
Seth Griffith            0  0  0   2  0   1  0  0  0  1  2/2     9:05   0:11   0:19 
Steve Quailer            0  1  1   2  0   1  1  1  0  1  0/0     8:18   0:00   0:00 
Tomas Hertl              0  0  0   0  0   1  2  1  0  0  9/23   22:13   3:03   1:50 

3 Stars

1 - Kyle Okposo (NYR)
2 - Matt Greene (NYR)
3 - Colten Teubert (NYR)

Power Play

Avalanche - 1 on 3 Attempt(s) - 33.33%
Rangers - 0 on 3 Attempt(s) - 0.00%

Penalty Kill

Avalanche - 3 on 3 Attempt(s) - 100.00% - Score 0 goal in Penalty Kill
Rangers - 2 on 3 Attempt(s) - 66.67% - Score 0 goal in Penalty Kill

Team Stat

Avalanche - Hits : 23 - Faceoff Wins : 31 - Blocked Shots : 13 - Penalty Minutes : 6
Rangers - Hits : 20 - Faceoff Wins : 33 - Blocked Shots : 13 - Penalty Minutes : 6

Official

Referees : Unknown
Linesman : Unknown

Game Notes

Mike Brodeur enters game at 18:37 of 1st period

Finance

Level 1 -- Attendance: 5792 (96.53%) -- Ticket Income $550,240
Level 2 -- Attendance: 4524 (90.48%) -- Ticket Income $271,440
Level 3 -- Attendance: 2000 (100.00%) -- Ticket Income $70,000
Level 4 -- Attendance: 4000 (100.00%) -- Ticket Income $100,000
Luxury Box -- Attendance: 1000 (100.00%) -- Ticket Income $180,000
Game was played at the Madison Square Garden.
Total Attendance: 17316 (96.20%)
Total Ticket Income: $1,171,680
Other Income: $175,752
Total Income: $1,347,432

Avalanche

5 vs 5 Forward 
   Center                   Left Wing                Right Wing               Time % Phy DF OF 
 1 Bryan Little             Mikkel Boedker           Evgeny Dadonov           35     1   2  2  
 2 Paul Stastny             James Van Riemsdyk       Patric Hornqvist         30     1   2  2  
 3 Charlie Coyle            Andrew Ladd              Brad Richardson          20     1   2  2  
 4 Kyle Turris              Matt Moulson             Darren Reid              15     1   2  2  

5 vs 5 Defense 
   Defense                  Defense                                           Time % Phy DF OF 
 1 Jack Johnson             Erik Karlsson                                     35     1   2  2  
 2 Dmitry Kulikov           Marc Staal                                        35     1   2  2  
 3 Danny Richmond           Mattias Ekholm                                    30     1   2  2  
 4 Jack Johnson             Marc Staal                                        0      1   2  2  

PowerPlay Forward 
   Center                   Left Wing                Right Wing               Time % Phy DF OF 
 1 Bryan Little             Mikkel Boedker           Patric Hornqvist         60     1   2  2  
 2 Paul Stastny             James Van Riemsdyk       Evgeny Dadonov           40     1   2  2  

PowerPlay Defense
   Defense                  Defense                                           Time % Phy DF OF 
 1 Jack Johnson             Erik Karlsson                                     60     1   2  2  
 2 Danny Richmond           Marc Staal                                        40     1   2  2  

Penalty Kill 4 Players Forward 
   Center                   Wing                     Time % Phy DF OF 
 1 Charlie Coyle            Andrew Ladd              60     1   2  2  
 2 Kyle Turris              Darren Reid              40     1   2  2  

Penalty Kill 4 Players Defense
   Defense                  Defense                  Time % Phy DF OF 
 1 Jack Johnson             Marc Staal               60     1   2  2  
 2 Dmitry Kulikov           Danny Richmond           40     1   2  2  

Penalty Kill - 3 Players Forward 
   Forward                                           Time % Phy DF OF 
 1 Mikkel Boedker                                    60     1   2  2  
 2 Patric Hornqvist                                  40     1   2  2  

Penalty Kill - 3 Players Defense
   Defense                  Defense                  Time % Phy DF OF 
 1 Jack Johnson             Marc Staal               60     1   2  2  
 2 Erik Karlsson            Danny Richmond           40     1   2  2  

4 vs 4 Forward 
   Center                   Wing                     Time % Phy DF OF 
 1 Mikkel Boedker           Patric Hornqvist         60     1   2  2  
 2 Bryan Little             Paul Stastny             40     1   2  2  

4 vs 4 Defense
   Defense                  Defense                  Time % Phy DF OF 
 1 Jack Johnson             Marc Staal               60     1   2  2  
 2 Erik Karlsson            Danny Richmond           40     1   2  2  

Last Minutes Offensive
   Center                   Left Wing                Right Wing               Defense                  Defense                  
   Bryan Little             Mikkel Boedker           Patric Hornqvist         Jack Johnson             Marc Staal               

Last Minutes Defensive
   Center                   Left Wing                Right Wing               Defense                  Defense                  
   Bryan Little             Mikkel Boedker           Patric Hornqvist         Jack Johnson             Marc Staal               

Goaltenders
Starting : Semyon Varlamov          
Backup : Mike Brodeur             

Extra Forwards
Normal : Matt Moulson, James Van Riemsdyk, Darren Reid - PP : Matt Moulson, James Van Riemsdyk - PK : Darren Reid
Extra Defensemen
Normal : Dmitry Kulikov, Mattias Ekholm, Erik Karlsson - PP : Dmitry Kulikov - PK : Mattias Ekholm, Erik Karlsson
Penalty Shots
Mikkel Boedker, Patric Hornqvist, Bryan Little, Paul Stastny, Evgeny Dadonov

Scratches
None

Rangers

5 vs 5 Forward 
   Center                   Left Wing                Right Wing               Time % Phy DF OF 
 1 Tomas Hertl              Milan Lucic              Jakob Silfverberg        40     1   2  2  
 2 Maxime Sauvé             James Neal               Kyle Okposo              30     1   2  2  
 3 Artem Anisimov           Chris Bourque            Matt Read                20     1   2  2  
 4 Seth Griffith            Magnus Paajarvi-Svensson Steve Quailer            10     1   2  2  

5 vs 5 Defense 
   Defense                  Defense                                           Time % Phy DF OF 
 1 Luke Schenn              Cam Barker                                        40     1   2  2  
 2 Mark Fistric             Matt Greene                                       30     1   2  2  
 3 Colten Teubert           Patrik Nemeth                                     20     1   2  2  
 4 Luke Schenn              Cam Barker                                        10     1   2  2  

PowerPlay Forward 
   Center                   Left Wing                Right Wing               Time % Phy DF OF 
 1 Tomas Hertl              Milan Lucic              Kyle Okposo              60     1   2  2  
 2 Maxime Sauvé             Chris Bourque            Jakob Silfverberg        40     1   2  2  

PowerPlay Defense
   Defense                  Defense                                           Time % Phy DF OF 
 1 Luke Schenn              James Neal                                        60     1   2  2  
 2 Cam Barker               Artem Anisimov                                    40     1   2  2  

Penalty Kill 4 Players Forward 
   Center                   Wing                     Time % Phy DF OF 
 1 Milan Lucic              Kyle Okposo              60     1   2  2  
 2 Jakob Silfverberg        James Neal               40     1   2  2  

Penalty Kill 4 Players Defense
   Defense                  Defense                  Time % Phy DF OF 
 1 Luke Schenn              Cam Barker               60     1   2  2  
 2 Mark Fistric             Matt Greene              40     1   2  2  

Penalty Kill - 3 Players Forward 
   Forward                                           Time % Phy DF OF 
 1 Jakob Silfverberg                                 60     1   2  2  
 2 Milan Lucic                                       40     1   2  2  

Penalty Kill - 3 Players Defense
   Defense                  Defense                  Time % Phy DF OF 
 1 Luke Schenn              Cam Barker               60     1   2  2  
 2 Mark Fistric             Matt Greene              40     1   2  2  

4 vs 4 Forward 
   Center                   Wing                     Time % Phy DF OF 
 1 Jakob Silfverberg        Milan Lucic              60     1   2  2  
 2 Kyle Okposo              Chris Bourque            40     1   2  2  

4 vs 4 Defense
   Defense                  Defense                  Time % Phy DF OF 
 1 Mark Fistric             Matt Greene              60     1   2  2  
 2 Colten Teubert           Patrik Nemeth            40     1   2  2  

Last Minutes Offensive
   Center                   Left Wing                Right Wing               Defense                  Defense                  
   Milan Lucic              Jakob Silfverberg        Kyle Okposo              Mark Fistric             Matt Greene              

Last Minutes Defensive
   Center                   Left Wing                Right Wing               Defense                  Defense                  
   Milan Lucic              Jakob Silfverberg        Kyle Okposo              Mark Fistric             Matt Greene              

Goaltenders
Starting : Frederik Andersen        
Backup : Mike Condon              

Extra Forwards
Normal : Maxime Sauvé, Tomas Hertl, Artem Anisimov - PP : Milan Lucic, Jakob Silfverberg - PK : Kyle Okposo
Extra Defensemen
Normal : Matt Greene, Luke Schenn, Cam Barker - PP : Mark Fistric - PK : Matt Greene, Mark Fistric
Penalty Shots
Maxime Sauvé, Tomas Hertl, Artem Anisimov, Milan Lucic, Jakob Silfverberg

Scratches
Sean Couturier (Healthy), Alexei Emelin (Healthy), Patrice Bergeron (Healthy)

% Time on Ice - Avalanche

Lines # - Real PCT - Wanted PCT - Time Play
Normal Forward
1 - 37% - 35% - 17:40
2 - 29% - 30% - 14:10
3 - 19% - 20% - 9:08
4 - 15% - 15% - 7:16
Normal Defense
1 - 36% - 35% - 17:27
2 - 35% - 35% - 16:49
3 - 29% - 30% - 13:58
4 - 0% - 0% - 0:00
PP Forward
1 - 49% - 60% - 2:52
2 - 51% - 40% - 2:57
PP Defense
1 - 57% - 60% - 3:20
2 - 43% - 40% - 2:29
PK Forward
1 - 79% - 60% - 4:43
2 - 21% - 40% - 1:14
PK Defense
1 - 49% - 60% - 2:56
2 - 51% - 40% - 3:01
PK3 Forward
1 - 0% - 60%
2 - 0% - 40%
PK3 Defense
1 - 0% - 60%
2 - 0% - 40%
44 Forward
1 - 0% - 60%
2 - 0% - 40%
44 Defense
1 - 0% - 60%
2 - 0% - 40%
Last Minute Offensive  - 0:00
Last Minute Defensive  - 0:00
Total
Forward - 60:00
Defense - 60:00

% Time on Ice - Rangers

Lines # - Real PCT - Wanted PCT - Time Play
Normal Forward
1 - 36% - 40% - 17:21
2 - 26% - 30% - 12:30
3 - 21% - 20% - 10:05
4 - 17% - 10% - 8:18
Normal Defense
1 - 41% - 40% - 19:37
2 - 32% - 30% - 15:39
3 - 24% - 20% - 11:40
4 - 3% - 10% - 1:18
PP Forward
1 - 54% - 60% - 3:14
2 - 46% - 40% - 2:43
PP Defense
1 - 58% - 60% - 3:26
2 - 42% - 40% - 2:31
PK Forward
1 - 80% - 60% - 4:39
2 - 20% - 40% - 1:10
PK Defense
1 - 65% - 60% - 3:47
2 - 35% - 40% - 2:02
PK3 Forward
1 - 0% - 60%
2 - 0% - 40%
PK3 Defense
1 - 0% - 60%
2 - 0% - 40%
44 Forward
1 - 0% - 60%
2 - 0% - 40%
44 Defense
1 - 0% - 60%
2 - 0% - 40%
Last Minute Offensive  - 0:00
Last Minute Defensive  - 0:00
Total
Forward - 60:00
Defense - 60:00

Play-by-Play

1st period


0:01 of 1st period - Bryan Little wins face-off versus Tomas Hertl in neutral zone.
0:06 of 1st period - Wrist shot by Jack Johnson.
0:06 of 1st period - Deflect By Mikkel Boedker.
0:06 of 1st period - Shot Misses the Net.
0:06 of 1st period - Puck is out of play.
0:07 of 1st period - Bryan Little wins face-off versus Tomas Hertl in Rangers zone.
0:30 of 1st period - Slapshot by Mikkel Boedker.
0:30 of 1st period - Stopped by Frederik Andersen with a rebound.
1:09 of 1st period - Icing by Erik Karlsson.
1:10 of 1st period - Maxime Sauvé wins face-off versus Bryan Little in Avalanche zone.
1:35 of 1st period - Bryan Little is hit by Matt Read and loses puck.
2:04 of 1st period - Paul Stastny is hit by Colten Teubert and loses puck.
3:07 of 1st period - Minor Penalty to Darren Reid for Hooking.
3:08 of 1st period - Charlie Coyle wins face-off versus Kyle Okposo in Avalanche zone.
3:17 of 1st period - Wrist shot by Andrew Ladd.
3:17 of 1st period - Shot Misses the Net.
3:23 of 1st period - Danny Richmond is hit by Kyle Okposo.
5:07 of 1st period - Penalty to Darren Reid is over, Darren Reid is back on ice.
5:29 of 1st period - Danny Richmond is hit by Magnus Paajarvi-Svensson and loses puck.
5:48 of 1st period - Mark Fistric is hit by Bryan Little and loses puck.
6:30 of 1st period - Colten Teubert is hit by Jack Johnson and loses puck.
6:41 of 1st period - Icing by Jack Johnson.
6:42 of 1st period - Artem Anisimov wins face-off versus Paul Stastny in Avalanche zone.
6:51 of 1st period - Slapshot by Matt Read.
6:51 of 1st period - Goal by Matt Read - Avalanche : 0 - Rangers : 1.
6:52 of 1st period - Tomas Hertl wins face-off versus Charlie Coyle in neutral zone.
6:55 of 1st period - Snap shot by Jakob Silfverberg.
6:55 of 1st period - Stopped by Semyon Varlamov with a rebound.
6:57 of 1st period - Slapshot by Luke Schenn.
6:57 of 1st period - Shot Misses the Net.
6:59 of 1st period - Slapshot by Luke Schenn.
6:59 of 1st period - Shot Blocked by Marc Staal.
7:01 of 1st period - Slapshot by Luke Schenn.
7:01 of 1st period - Shot Blocked by Andrew Ladd.
7:32 of 1st period - Wrist shot by Maxime Sauvé.
7:32 of 1st period - Stopped by Semyon Varlamov without a rebound.
7:33 of 1st period - Paul Stastny wins face-off versus James Neal in Avalanche zone.
7:59 of 1st period - Mattias Ekholm is hit by Tomas Hertl and loses puck.
8:42 of 1st period - Snap shot by Matt Moulson.
8:42 of 1st period - Shot Misses the Net.
8:44 of 1st period - Slapshot by Jack Johnson.
8:44 of 1st period - Shot Misses the Net.
8:46 of 1st period - Slapshot by Jack Johnson.
8:46 of 1st period - Shot Misses the Net.
9:22 of 1st period - Snap shot by Jakob Silfverberg.
9:22 of 1st period - Deflect By Tomas Hertl.
9:22 of 1st period - Shot Misses the Net.
9:22 of 1st period - Puck is out of play.
9:23 of 1st period - Bryan Little wins face-off versus Tomas Hertl in Avalanche zone.
9:28 of 1st period - Snap shot by Tomas Hertl.
9:28 of 1st period - Shot Blocked by Dmitry Kulikov.
9:30 of 1st period - Wrist shot by Tomas Hertl.
9:30 of 1st period - Stopped by Semyon Varlamov without a rebound.
9:31 of 1st period - Tomas Hertl wins face-off versus Bryan Little in Avalanche zone.
9:34 of 1st period - Snap shot by Jakob Silfverberg.
9:34 of 1st period - Shot Misses the Net.
9:36 of 1st period - Snap shot by Milan Lucic.
9:36 of 1st period - Shot Misses the Net.
9:46 of 1st period - Slapshot by Milan Lucic.
9:46 of 1st period - Stopped by Semyon Varlamov with a rebound.
9:57 of 1st period - Off-side.
9:58 of 1st period - Artem Anisimov wins face-off versus Paul Stastny in neutral zone.
10:01 of 1st period - James Van Riemsdyk is hit by Luke Schenn and loses puck.
10:25 of 1st period - Danny Richmond is hit by Maxime Sauvé and loses puck.
10:30 of 1st period - Snap shot by Kyle Okposo.
10:30 of 1st period - Goal by Kyle Okposo - Avalanche : 0 - Rangers : 2.
10:31 of 1st period - Paul Stastny wins face-off versus Tomas Hertl in neutral zone.
10:44 of 1st period - Dmitry Kulikov is hit by Milan Lucic and loses puck.
11:09 of 1st period - Snap shot by James Neal.
11:09 of 1st period - Shot Misses the Net.
11:19 of 1st period - Artem Anisimov is hit by Dmitry Kulikov and loses puck.
11:28 of 1st period - Backhand shot by Artem Anisimov.
11:28 of 1st period - Shot Blocked by Dmitry Kulikov.
12:00 of 1st period - Jakob Silfverberg is hit by Paul Stastny and loses puck.
12:05 of 1st period - Snap shot by Patric Hornqvist.
12:05 of 1st period - Shot Misses the Net.
12:24 of 1st period - Erik Karlsson is hit by Kyle Okposo and loses puck.
13:20 of 1st period - Icing by Luke Schenn.
13:21 of 1st period - Charlie Coyle wins face-off versus Tomas Hertl in Rangers zone.
14:06 of 1st period - Minor Penalty to Chris Bourque for Holding.
14:07 of 1st period - Kyle Okposo wins face-off versus Bryan Little in Rangers zone.
14:17 of 1st period - Snap shot by Patric Hornqvist.
14:17 of 1st period - Stopped by Frederik Andersen without a rebound.
14:18 of 1st period - Milan Lucic wins face-off versus Bryan Little in Rangers zone.
14:31 of 1st period - Wrist shot by Bryan Little.
14:31 of 1st period - Stopped by Frederik Andersen with a rebound.
15:42 of 1st period - Kyle Okposo is hit by Paul Stastny and loses puck.
15:53 of 1st period - Mikkel Boedker is hit by James Neal and loses puck.
16:06 of 1st period - Penalty to Chris Bourque is over, Chris Bourque is back on ice.
16:41 of 1st period - Wrist shot by Steve Quailer.
16:41 of 1st period - Shot Misses the Net.
16:43 of 1st period - Slapshot by Colten Teubert.
16:43 of 1st period - Shot Blocked by Brad Richardson.
16:45 of 1st period - Slapshot by Colten Teubert.
16:45 of 1st period - Shot Misses the Net.
16:47 of 1st period - Slapshot by Colten Teubert.
16:47 of 1st period - Goal by Colten Teubert - Avalanche : 0 - Rangers : 3.
16:48 of 1st period - Bryan Little wins face-off versus Matt Read in neutral zone.
16:59 of 1st period - Wrist shot by Artem Anisimov.
16:59 of 1st period - Stopped by Semyon Varlamov without a rebound.
17:00 of 1st period - Bryan Little wins face-off versus Tomas Hertl in Avalanche zone.
17:09 of 1st period - Wrist shot by Bryan Little.
17:09 of 1st period - Stopped by Frederik Andersen without a rebound.
17:10 of 1st period - Bryan Little wins face-off versus Jakob Silfverberg in Rangers zone.
17:11 of 1st period - Wrist shot by Mikkel Boedker.
17:11 of 1st period - Shot Misses the Net.
17:23 of 1st period - Wrist shot by Bryan Little.
17:23 of 1st period - Stopped by Frederik Andersen without a rebound.
17:24 of 1st period - Tomas Hertl wins face-off versus Paul Stastny in Rangers zone.
17:41 of 1st period - Slapshot by Cam Barker.
17:41 of 1st period - Stopped by Semyon Varlamov with a rebound.
18:15 of 1st period - Snap shot by Patric Hornqvist.
18:15 of 1st period - Stopped by Frederik Andersen without a rebound.
18:16 of 1st period - Kyle Okposo wins face-off versus Mikkel Boedker in Rangers zone.
18:37 of 1st period - Wrist shot by Kyle Okposo.
18:37 of 1st period - Goal by Kyle Okposo - Avalanche : 0 - Rangers : 4.
18:37 of 1st period - Mike Brodeur enters game.
18:38 of 1st period - Mikkel Boedker wins face-off versus Tomas Hertl in neutral zone.
18:53 of 1st period - Wrist shot by Bryan Little.
18:53 of 1st period - Shot Blocked by Matt Greene.
18:55 of 1st period - Slapshot by Dmitry Kulikov.
18:55 of 1st period - Shot Blocked by Tomas Hertl.
19:30 of 1st period - Wrist shot by Chris Bourque.
19:30 of 1st period - Shot Blocked by Mattias Ekholm.
Goals for this period are 0 for Avalanche vs 4 for Rangers.
Shots for this period are 6 for Avalanche vs 10 for Rangers.

2nd period


0:01 of 2nd period - Bryan Little wins face-off versus Tomas Hertl in neutral zone.
1:59 of 2nd period - Slapshot by Steve Quailer.
1:59 of 2nd period - Stopped by Mike Brodeur without a rebound.
2:00 of 2nd period - Milan Lucic wins face-off versus Bryan Little in Avalanche zone.
2:05 of 2nd period - Snap shot by Milan Lucic.
2:05 of 2nd period - Stopped by Mike Brodeur with a rebound.
2:15 of 2nd period - Wrist shot by Milan Lucic.
2:15 of 2nd period - Shot Misses the Net.
2:27 of 2nd period - James Neal is hit by James Van Riemsdyk and loses puck.
2:32 of 2nd period - Wrist shot by Patric Hornqvist.
2:32 of 2nd period - Stopped by Frederik Andersen without a rebound.
2:33 of 2nd period - Maxime Sauvé wins face-off versus Paul Stastny in Rangers zone.
3:05 of 2nd period - Wrist shot by Bryan Little.
3:05 of 2nd period - Shot Misses the Net.
3:25 of 2nd period - Matt Greene is hit by Mikkel Boedker and loses puck.
4:21 of 2nd period - Snap shot by Jakob Silfverberg.
4:21 of 2nd period - Stopped by Mike Brodeur without a rebound.
4:22 of 2nd period - Charlie Coyle wins face-off versus Maxime Sauvé in Avalanche zone.
5:34 of 2nd period - Snap shot by Charlie Coyle.
5:34 of 2nd period - Stopped by Frederik Andersen without a rebound.
5:35 of 2nd period - Artem Anisimov wins face-off versus Paul Stastny in Rangers zone.
6:02 of 2nd period - Kyle Okposo is hit by Brad Richardson and loses puck.
6:11 of 2nd period - Backhand shot by Charlie Coyle.
6:11 of 2nd period - Deflect By Brad Richardson.
6:11 of 2nd period - Stopped by Frederik Andersen without a rebound.
6:12 of 2nd period - Patric Hornqvist wins face-off versus Artem Anisimov in Rangers zone.
6:17 of 2nd period - Snap shot by Paul Stastny.
6:17 of 2nd period - Shot Misses the Net.
6:29 of 2nd period - Slapshot by Paul Stastny.
6:29 of 2nd period - Shot Misses the Net.
6:51 of 2nd period - Snap shot by Mikkel Boedker.
6:51 of 2nd period - Stopped by Frederik Andersen without a rebound.
6:52 of 2nd period - Charlie Coyle wins face-off versus Maxime Sauvé in Rangers zone.
6:59 of 2nd period - Wrist shot by James Neal.
6:59 of 2nd period - Stopped by Mike Brodeur without a rebound.
7:00 of 2nd period - Maxime Sauvé wins face-off versus Charlie Coyle in Avalanche zone.
7:01 of 2nd period - Wrist shot by Kyle Okposo.
7:01 of 2nd period - Shot Blocked by Erik Karlsson.
7:27 of 2nd period - Luke Schenn is hit by Mikkel Boedker and loses puck.
8:12 of 2nd period - Snap shot by Matt Read.
8:12 of 2nd period - Shot Misses the Net.
8:14 of 2nd period - Snap shot by Cam Barker.
8:14 of 2nd period - Shot Misses the Net.
8:16 of 2nd period - Snap shot by Chris Bourque.
8:16 of 2nd period - Deflect By Matt Moulson.
8:16 of 2nd period - Shot Blocked by Danny Richmond.
8:16 of 2nd period - Puck is out of play.
8:17 of 2nd period - Bryan Little wins face-off versus Maxime Sauvé in Avalanche zone.
8:17 of 2nd period - Dmitry Kulikov is hit by James Neal.
8:27 of 2nd period - Kyle Okposo is hit by Bryan Little and loses puck.
8:44 of 2nd period - Patric Hornqvist is hit by Steve Quailer and loses puck.
8:53 of 2nd period - Backhand shot by Magnus Paajarvi-Svensson.
8:53 of 2nd period - Shot Misses the Net.
8:55 of 2nd period - Wrist shot by Patrik Nemeth.
8:55 of 2nd period - Shot Misses the Net.
9:10 of 2nd period - Minor Penalty to Chris Bourque for Hooking.
9:11 of 2nd period - Bryan Little wins face-off versus Milan Lucic in Rangers zone.
9:28 of 2nd period - Slapshot by Milan Lucic.
9:28 of 2nd period - Shot Misses the Net.
10:27 of 2nd period - Off-side.
10:28 of 2nd period - Mikkel Boedker wins face-off versus Magnus Paajarvi-Svensson in neutral zone.
10:39 of 2nd period - Luke Schenn is hit by James Van Riemsdyk and loses puck.
11:02 of 2nd period - James Neal is hit by Paul Stastny and loses puck.
11:10 of 2nd period - Penalty to Chris Bourque is over, Chris Bourque is back on ice.
11:44 of 2nd period - Colten Teubert is hit by Jack Johnson and loses puck.
12:31 of 2nd period - Snap shot by Patric Hornqvist.
12:31 of 2nd period - Shot Blocked by Matt Greene.
12:33 of 2nd period - Slapshot by James Van Riemsdyk.
12:33 of 2nd period - Deflect By Paul Stastny.
12:33 of 2nd period - Shot Misses the Net.
12:33 of 2nd period - Puck is out of play.
12:34 of 2nd period - Paul Stastny wins face-off versus Artem Anisimov in Rangers zone.
12:37 of 2nd period - Snap shot by Paul Stastny.
12:37 of 2nd period - Deflect By Luke Schenn.
12:37 of 2nd period - Shot Misses the Net.
12:37 of 2nd period - Puck is out of play.
12:38 of 2nd period - Artem Anisimov wins face-off versus Paul Stastny in Rangers zone.
13:05 of 2nd period - Cam Barker is hit by Darren Reid.
13:09 of 2nd period - Wrist shot by Kyle Turris.
13:09 of 2nd period - Stopped by Frederik Andersen without a rebound.
13:10 of 2nd period - Kyle Turris wins face-off versus Maxime Sauvé in Rangers zone.
13:11 of 2nd period - Wrist shot by Matt Moulson.
13:11 of 2nd period - Shot Blocked by Kyle Okposo.
13:18 of 2nd period - Minor Penalty to Mattias Ekholm for Hooking.
13:19 of 2nd period - Tomas Hertl wins face-off versus Andrew Ladd in Avalanche zone.
13:53 of 2nd period - Snap shot by Chris Bourque.
13:53 of 2nd period - Deflect By Jakob Silfverberg.
13:53 of 2nd period - Stopped by Mike Brodeur with a rebound.
15:18 of 2nd period - Penalty to Mattias Ekholm is over, Mattias Ekholm is back on ice.
15:27 of 2nd period - Snap shot by Bryan Little.
15:27 of 2nd period - Stopped by Frederik Andersen with a rebound.
15:36 of 2nd period - Bryan Little is hit by Magnus Paajarvi-Svensson and loses puck.
16:20 of 2nd period - Colten Teubert is hit by Bryan Little and loses puck.
16:37 of 2nd period - Colten Teubert is hit by Kyle Turris.
16:53 of 2nd period - Steve Quailer is hit by Evgeny Dadonov and loses puck.
17:36 of 2nd period - Wrist shot by Matt Moulson.
17:36 of 2nd period - Stopped by Frederik Andersen without a rebound.
17:37 of 2nd period - Kyle Okposo wins face-off versus Kyle Turris in Rangers zone.
17:37 of 2nd period - Kyle Okposo is hit by Kyle Turris.
17:51 of 2nd period - Wrist shot by James Neal.
17:51 of 2nd period - Shot Misses the Net.
17:53 of 2nd period - Snap shot by James Neal.
17:53 of 2nd period - Shot Blocked by Matt Moulson.
18:07 of 2nd period - Off-side.
18:08 of 2nd period - Artem Anisimov wins face-off versus Bryan Little in neutral zone.
18:22 of 2nd period - Wrist shot by Bryan Little.
18:22 of 2nd period - Shot Blocked by Colten Teubert.
18:30 of 2nd period - Slapshot by Bryan Little.
18:30 of 2nd period - Shot Blocked by Colten Teubert.
18:32 of 2nd period - Snap shot by Mikkel Boedker.
18:32 of 2nd period - Shot Blocked by Artem Anisimov.
18:34 of 2nd period - Slapshot by Bryan Little.
18:34 of 2nd period - Deflect By Evgeny Dadonov.
18:34 of 2nd period - Shot Misses the Net.
18:34 of 2nd period - Puck is out of play.
18:35 of 2nd period - Charlie Coyle wins face-off versus Tomas Hertl in Rangers zone.
18:36 of 2nd period - Snap shot by Andrew Ladd.
18:36 of 2nd period - Stopped by Frederik Andersen without a rebound.
18:37 of 2nd period - Jakob Silfverberg wins face-off versus Charlie Coyle in Rangers zone.
18:39 of 2nd period - Minor Penalty to Milan Lucic for High sticking.
18:40 of 2nd period - Bryan Little wins face-off versus Tomas Hertl in Rangers zone.
18:42 of 2nd period - Snap shot by Mikkel Boedker.
18:42 of 2nd period - Shot Blocked by Luke Schenn.
18:44 of 2nd period - Slapshot by Erik Karlsson.
18:44 of 2nd period - Shot Misses the Net.
18:46 of 2nd period - Slapshot by Mikkel Boedker.
18:46 of 2nd period - Deflect By Bryan Little.
18:46 of 2nd period - Stopped by Frederik Andersen with a rebound.
18:48 of 2nd period - Slapshot by Jack Johnson.
18:48 of 2nd period - Shot Blocked by Kyle Okposo.
19:18 of 2nd period - Slapshot by Erik Karlsson.
19:18 of 2nd period - Deflect By Seth Griffith.
19:18 of 2nd period - Stopped by Frederik Andersen without a rebound.
19:19 of 2nd period - Seth Griffith wins face-off versus Paul Stastny in Rangers zone.
Goals for this period are 0 for Avalanche vs 0 for Rangers.
Shots for this period are 10 for Avalanche vs 5 for Rangers.

3rd period


0:01 of 3rd period - Tomas Hertl wins face-off versus Bryan Little in neutral zone.
0:30 of 3rd period - Snap shot by Erik Karlsson.
0:30 of 3rd period - Goal by Erik Karlsson - Avalanche : 1 - Rangers : 4.
0:31 of 3rd period - Tomas Hertl wins face-off versus Bryan Little in neutral zone.
1:01 of 3rd period - Wrist shot by Jakob Silfverberg.
1:01 of 3rd period - Shot Blocked by Erik Karlsson.
1:03 of 3rd period - Snap shot by Luke Schenn.
1:03 of 3rd period - Shot Misses the Net.
1:09 of 3rd period - Wrist shot by James Neal.
1:09 of 3rd period - Stopped by Mike Brodeur with a rebound.
1:15 of 3rd period - Minor Penalty to James Van Riemsdyk for Cross-checking.
1:16 of 3rd period - Charlie Coyle wins face-off versus Tomas Hertl in Avalanche zone.
1:53 of 3rd period - Snap shot by Darren Reid.
1:53 of 3rd period - Shot Misses the Net.
1:59 of 3rd period - Slapshot by Dmitry Kulikov.
1:59 of 3rd period - Deflect By Maxime Sauvé.
1:59 of 3rd period - Stopped by Frederik Andersen with a rebound.
2:13 of 3rd period - Backhand shot by Cam Barker.
2:13 of 3rd period - Stopped by Mike Brodeur with a rebound.
2:29 of 3rd period - Wrist shot by Matt Moulson.
2:29 of 3rd period - Deflect By Darren Reid.
2:29 of 3rd period - Stopped by Frederik Andersen with a rebound.
2:53 of 3rd period - James Neal is hit by Kyle Turris and loses puck.
3:11 of 3rd period - Icing by James Neal.
3:12 of 3rd period - Maxime Sauvé wins face-off versus Charlie Coyle in Rangers zone.
3:15 of 3rd period - Penalty to James Van Riemsdyk is over, James Van Riemsdyk is back on ice.
3:29 of 3rd period - Snap shot by Bryan Little.
3:29 of 3rd period - Stopped by Frederik Andersen without a rebound.
3:30 of 3rd period - Seth Griffith wins face-off versus Bryan Little in Rangers zone.
3:43 of 3rd period - Snap shot by Magnus Paajarvi-Svensson.
3:43 of 3rd period - Stopped by Mike Brodeur with a rebound.
3:45 of 3rd period - Slapshot by Mark Fistric.
3:45 of 3rd period - Shot Blocked by Danny Richmond.
4:35 of 3rd period - Kyle Turris is hit by Chris Bourque and loses puck.
4:44 of 3rd period - Snap shot by Darren Reid.
4:44 of 3rd period - Stopped by Frederik Andersen without a rebound.
4:45 of 3rd period - Tomas Hertl wins face-off versus Bryan Little in Rangers zone.
4:52 of 3rd period - Snap shot by Jakob Silfverberg.
4:52 of 3rd period - Shot Misses the Net.
4:54 of 3rd period - Snap shot by Milan Lucic.
4:54 of 3rd period - Deflect By Bryan Little.
4:54 of 3rd period - Stopped by Mike Brodeur without a rebound.
4:55 of 3rd period - Bryan Little wins face-off versus Tomas Hertl in Avalanche zone.
5:43 of 3rd period - Marc Staal is hit by Tomas Hertl and loses puck.
5:48 of 3rd period - Wrist shot by Milan Lucic.
5:48 of 3rd period - Stopped by Mike Brodeur with a rebound.
5:50 of 3rd period - Snap shot by Matt Greene.
5:50 of 3rd period - Shot Misses the Net.
5:52 of 3rd period - Slapshot by Tomas Hertl.
5:52 of 3rd period - Shot Misses the Net.
5:56 of 3rd period - Snap shot by Tomas Hertl.
5:56 of 3rd period - Shot Blocked by Dmitry Kulikov.
6:06 of 3rd period - Marc Staal is hit by Jakob Silfverberg and loses puck.
6:17 of 3rd period - Slapshot by Jakob Silfverberg.
6:17 of 3rd period - Deflect By Milan Lucic.
6:17 of 3rd period - Shot Misses the Net.
6:17 of 3rd period - Puck is out of play.
6:18 of 3rd period - Paul Stastny wins face-off versus Maxime Sauvé in Avalanche zone.
6:33 of 3rd period - Snap shot by James Neal.
6:33 of 3rd period - Stopped by Mike Brodeur with a rebound.
6:55 of 3rd period - Wrist shot by Seth Griffith.
6:55 of 3rd period - Stopped by Mike Brodeur without a rebound.
6:56 of 3rd period - Maxime Sauvé wins face-off versus Charlie Coyle in Avalanche zone.
7:21 of 3rd period - Matt Read is hit by Matt Moulson and loses puck.
7:58 of 3rd period - Charlie Coyle is hit by Kyle Okposo and loses puck.
8:42 of 3rd period - Slapshot by Magnus Paajarvi-Svensson.
8:42 of 3rd period - Shot Misses the Net.
8:44 of 3rd period - Slapshot by Magnus Paajarvi-Svensson.
8:44 of 3rd period - Shot Misses the Net.
9:10 of 3rd period - Wrist shot by Kyle Okposo.
9:10 of 3rd period - Shot Misses the Net.
9:12 of 3rd period - Slapshot by Patrik Nemeth.
9:12 of 3rd period - Deflect By James Neal.
9:12 of 3rd period - Deflect By Erik Karlsson.
9:12 of 3rd period - Stopped by Mike Brodeur with a rebound.
9:31 of 3rd period - Slapshot by Dmitry Kulikov.
9:31 of 3rd period - Shot Blocked by Milan Lucic.
9:47 of 3rd period - Slapshot by Matt Moulson.
9:47 of 3rd period - Shot Hit the Post.
9:57 of 3rd period - Wrist shot by Matt Moulson.
9:57 of 3rd period - Stopped by Frederik Andersen with a rebound.
10:35 of 3rd period - Slapshot by Kyle Okposo.
10:35 of 3rd period - Shot Misses the Net.
10:37 of 3rd period - Slapshot by Mark Fistric.
10:37 of 3rd period - Shot Misses the Net.
10:39 of 3rd period - Wrist shot by James Neal.
10:39 of 3rd period - Stopped by Mike Brodeur with a rebound.
11:16 of 3rd period - Wrist shot by Magnus Paajarvi-Svensson.
11:16 of 3rd period - Stopped by Mike Brodeur without a rebound.
11:17 of 3rd period - Paul Stastny wins face-off versus Jakob Silfverberg in Avalanche zone.
11:30 of 3rd period - Wrist shot by Jakob Silfverberg.
11:30 of 3rd period - Shot Misses the Net.
11:32 of 3rd period - Snap shot by Patrik Nemeth.
11:32 of 3rd period - Stopped by Mike Brodeur without a rebound.
11:33 of 3rd period - Maxime Sauvé wins face-off versus Bryan Little in Avalanche zone.
11:36 of 3rd period - Wrist shot by Cam Barker.
11:36 of 3rd period - Deflect By Dmitry Kulikov.
11:36 of 3rd period - Stopped by Mike Brodeur without a rebound.
11:37 of 3rd period - Maxime Sauvé wins face-off versus Bryan Little in Avalanche zone.
11:48 of 3rd period - Snap shot by Bryan Little.
11:48 of 3rd period - Deflect By Mikkel Boedker.
11:48 of 3rd period - Shot Blocked by Cam Barker.
11:48 of 3rd period - Puck is out of play.
11:49 of 3rd period - Paul Stastny wins face-off versus Jakob Silfverberg in Rangers zone.
12:00 of 3rd period - Milan Lucic is hit by Dmitry Kulikov and loses puck.
12:20 of 3rd period - Wrist shot by Erik Karlsson.
12:20 of 3rd period - Stopped by Frederik Andersen with a rebound.
12:22 of 3rd period - Snap shot by Mikkel Boedker.
12:22 of 3rd period - Goal by Mikkel Boedker - Avalanche : 2 - Rangers : 4.
12:23 of 3rd period - Tomas Hertl wins face-off versus Paul Stastny in neutral zone.
12:37 of 3rd period - Off-side.
12:38 of 3rd period - Bryan Little wins face-off versus Maxime Sauvé in neutral zone.
12:47 of 3rd period - Slapshot by Mikkel Boedker.
12:47 of 3rd period - Deflect By Evgeny Dadonov.
12:47 of 3rd period - Stopped by Frederik Andersen with a rebound.
13:54 of 3rd period - Snap shot by James Neal.
13:54 of 3rd period - Shot Blocked by Erik Karlsson.
15:07 of 3rd period - Matt Greene is hit by Andrew Ladd and loses puck.
15:16 of 3rd period - Slapshot by Brad Richardson.
15:16 of 3rd period - Stopped by Frederik Andersen with a rebound.
15:18 of 3rd period - Slapshot by Charlie Coyle.
15:18 of 3rd period - Shot Misses the Net.
15:20 of 3rd period - Slapshot by Andrew Ladd.
15:20 of 3rd period - Shot Blocked by Steve Quailer.
15:22 of 3rd period - Snap shot by Jack Johnson.
15:22 of 3rd period - Deflect By Brad Richardson.
15:22 of 3rd period - Shot Misses the Net.
15:22 of 3rd period - Puck is out of play.
15:23 of 3rd period - Artem Anisimov wins face-off versus Kyle Turris in Rangers zone.
15:25 of 3rd period - Icing by Colten Teubert.
15:26 of 3rd period - Artem Anisimov wins face-off versus Kyle Turris in Rangers zone.
15:26 of 3rd period - Artem Anisimov is hit by Darren Reid.
15:54 of 3rd period - Wrist shot by Mikkel Boedker.
15:54 of 3rd period - Deflect By Bryan Little.
15:54 of 3rd period - Stopped by Frederik Andersen with a rebound.
16:36 of 3rd period - Slapshot by Matt Greene.
16:36 of 3rd period - Goal by Matt Greene - Avalanche : 2 - Rangers : 5.
16:37 of 3rd period - Bryan Little wins face-off versus Tomas Hertl in neutral zone.
16:40 of 3rd period - Snap shot by Bryan Little.
16:40 of 3rd period - Shot Misses the Net.
16:42 of 3rd period - Slapshot by Jack Johnson.
16:42 of 3rd period - Stopped by Frederik Andersen with a rebound.
16:44 of 3rd period - Wrist shot by Evgeny Dadonov.
16:44 of 3rd period - Shot Blocked by Cam Barker.
16:46 of 3rd period - Slapshot by Jack Johnson.
16:46 of 3rd period - Stopped by Frederik Andersen with a rebound.
16:48 of 3rd period - Snap shot by Erik Karlsson.
16:48 of 3rd period - Stopped by Frederik Andersen without a rebound.
16:49 of 3rd period - Bryan Little wins face-off versus Tomas Hertl in Rangers zone.
17:16 of 3rd period - Mattias Ekholm is hit by James Neal and loses puck.
17:27 of 3rd period - Snap shot by Kyle Okposo.
17:27 of 3rd period - Shot Misses the Net.
17:29 of 3rd period - Wrist shot by James Neal.
17:29 of 3rd period - Stopped by Mike Brodeur with a rebound.
17:44 of 3rd period - Andrew Ladd is hit by Matt Greene and loses puck.
18:09 of 3rd period - Slapshot by Matt Greene.
18:09 of 3rd period - Stopped by Mike Brodeur with a rebound.
18:19 of 3rd period - Wrist shot by Mikkel Boedker.
18:19 of 3rd period - Stopped by Frederik Andersen with a rebound.
18:35 of 3rd period - Bryan Little is hit by Jakob Silfverberg and loses puck.
18:46 of 3rd period - Wrist shot by Milan Lucic.
18:46 of 3rd period - Stopped by Mike Brodeur with a rebound.
19:19 of 3rd period - Icing by Jack Johnson.
19:20 of 3rd period - Maxime Sauvé wins face-off versus Bryan Little in Avalanche zone.
19:25 of 3rd period - Slapshot by James Neal.
19:25 of 3rd period - Stopped by Mike Brodeur without a rebound.
19:26 of 3rd period - Paul Stastny wins face-off versus Maxime Sauvé in Avalanche zone.
19:30 of 3rd period - Off-side.
19:31 of 3rd period - Maxime Sauvé wins face-off versus Paul Stastny in neutral zone.
19:48 of 3rd period - Wrist shot by James Van Riemsdyk.
19:48 of 3rd period - Stopped by Frederik Andersen without a rebound.
19:49 of 3rd period - Tomas Hertl wins face-off versus Andrew Ladd in Rangers zone.
Goals for this period are 2 for Avalanche vs 1 for Rangers.
Shots for this period are 16 for Avalanche vs 17 for Rangers.